 Dungeon Crawl Stone Soup version 0.17-a0-1942-g46ae386 (webtiles) character file.

212932 shakdrar the Phalangite (level 18, -8/151 HPs)
             Began as a Merfolk Berserker on Sept 29, 2015.
             Was a High Priest of Trog.
             Killed from afar by a deep elf annihilator (51 damage)
             ... with a crystal spear
             ... on level 3 of the Elven Halls on Sept 30, 2015.
             The game lasted 04:32:44 (47489 turns).

shakdrar the Phalangite (Merfolk Berserker)        Turns: 47489, Time: 04:32:45

Health: -8/151     AC: 20    Str: 31    XL:     18   Next: 94%
Magic:  8/8        EV: 26    Int:  7    God:    Trog [*****.]
Gold:   1789       SH:  0    Dex: 21    Spells: 0 memorised, 17 levels left

rFire  . . .     SeeInvis +     d - +1 glaive of Trog's Outrage {antimagic, Str+4 Dex+3}
rCold  . . .     Clarity  +     D - +0 mottled dragon armour
rNeg   + . .     SustAt   .     (no shield)
rPois  +         Gourm    .     I - +2 hat
rElec  .         Spirit   .     E - +2 cloak {MR+}
rCorr  .         Warding  +     G - +2 pair of gloves {Str+3}
rMut   .         Stasis   .     P - +0 pair of boots
MR     ++++.                    X - amulet of warding
Stlth  ++........               U - ring of see invisible
                                N - ring of poison resistance

@: regenerating, incredibly resistant to hostile enchantments, unstealthy
A: change form in water, swift swim, thin skeletal structure 1, clarity, strong
1, wild magic 1, evolution 1
a: Burn Spellbooks, Berserk, Trog's Hand, Brothers in Arms, Renounce Religion
}: 1/15 runes: barnacled


You were on level 3 of the Elven Halls.
You worshipped Trog.
Trog was extremely pleased with you.
You were not hungry.

You visited 6 branches of the dungeon, and saw 33 of its levels.

You collected 3140 gold pieces.
You spent 1351 gold pieces at shops.

Inventory:

Hand weapons
 a - a +4 bardiche of flaming
 b - a +1 lajatang of holy wrath
 d - the +1 glaive of Trog's Outrage (weapon) {antimagic, Str+4 Dex+3}
   (Trog gifted it to you on level 2 of the Elven Halls)

   It disrupts the flow of magical energy around spellcasters and certain
   magical creatures (including the wielder).
   It affects your strength (+4).
   It affects your dexterity (+3).
 w - the +10 halberd "Zusitt" {freeze, rElec rF- Dex+4}
   (Trog gifted it to you on level 13 of the Dungeon)

   It has been specially enchanted to freeze those struck by it, causing extra
   injury to most foes and up to half again as much damage against particularly
   susceptible opponents.
   It can also slow down cold-blooded creatures.
   It affects your dexterity (+4).
   It makes you vulnerable to fire.
   It insulates you from electricity.
 H - a +5 antimagic glaive
Missiles
 S - 5 exploding tomahawks
 W - 10 javelins of returning (quivered)
Armour
 k - a +2 shield
 p - a +0 buckler
 D - a +0 mottled dragon armour (worn)
 E - a +2 cloak of magic resistance (worn)
 G - a +2 pair of gloves of strength (worn)
 I - a +2 hat (worn)
 P - a +0 pair of boots (worn)
Jewellery
 f - an uncursed amulet of stasis
 v - an uncursed ring of protection from fire
 x - an uncursed ring of protection from cold
 J - an uncursed ring of positive energy
 N - a ring of poison resistance (left hand)
 U - a ring of see invisible (right hand)
 X - an amulet of warding (around neck)
Magical devices
 q - a wand of draining (7)
 B - a wand of digging (12)
 L - a wand of cold (5)
 V - a wand of heal wounds (5)
Scrolls
 i - a scroll of remove curse
 j - a scroll of brand weapon
 l - a scroll of enchant armour
 m - 4 scrolls of recharging
 o - 9 scrolls of teleportation
 A - 3 scrolls of identify
 F - 2 scrolls of fear
Potions
 r - a potion of magic
 O - a potion of haste
 Y - a potion of curing
Books
 g - a book of Enchantments

   Spells                             Type                      Level
   a - Cause Fear                     Hexes                        4
   b - Silence                        Hexes/Air                    5
   c - Deflect Missiles               Charms/Air                   6
   d - Haste                          Charms                       6
   e - Discord                        Hexes                        8
   Trog disapproves of the use of such an item.
 h - a book of Power

   Spells                             Type                      Level
   a - Fulminant Prism                Conjuration/Hexes            4
   b - Iskenderun's Mystic Blast      Conjuration                  4
   c - Venom Bolt                     Conjuration/Poison           5
   d - Bolt of Magma                  Conjuration/Fire/Earth       5
   e - Iron Shot                      Conjuration/Earth            6
   f - Orb of Destruction             Conjuration                  7
   g - Spellforged Servitor           Conjuration/Summoning        7
   Trog disapproves of the use of such an item.
Miscellaneous
 e - a phial of floods
Comestibles
 c - 4 bread rations


   Skills:
 + Level 15.7 Fighting
 - Level 23.0 Polearms
 * Level 14.3 Armour
 - Level 15.0 Dodging
 - Level 6.0 Shields
 - Level 10.1 Evocations


You had 17 spell levels left.
You didn't know any spells.

Dungeon Overview and Level Annotations

Branches:
Dungeon (13/15)            Temple (1/1) D:5            Lair (8/8) D:8
 Shoals (4/4) Lair:6        Snake (0/4) Lair:4        Slime (0/6) Lair:7
    Orc (4/4) D:11            Elf (3/3) Orc:4        Vaults (0/5) D:13

Altars:
Ashenzari
Cheibriados
Dithmenos
Elyvilon
Fedhas
Gozag
Kikubaaqudgha
Makhleb
Nemelex Xobeh
Okawaru
Qazlal
Ru
Sif Muna
Trog
Vehumet
Xom
Yredelemnul
Zin
The Shining One
Beogh
Jiyva

Shops:
D:13 (   Orc:1 **(}   Orc:4 =}!(   Elf:2 *

Portals:
Trove: D:12 (give +4 gold dragon armour)

Annotations:
D:2 Sigmund
Lair:3 exclusion: oklob plant


Innate Abilities, Weirdness & Mutations

You revert to your normal form in water.
You are very nimble and swift while swimming.
You have a somewhat thin skeletal structure (Dex +2, Stealth).
You possess an exceptional clarity of mind.
Your muscles are strong. (Str +2)
Your spells are a little harder to cast, but a little more powerful.
You evolve.


Message History

You closely miss the deep elf annihilator.
The deep elf annihilator is almost dead.
The deep elf annihilator hits you with a bloodstained long sword {venom}!
* * * LOW HITPOINT WARNING * * *
Read which item? (? for menu, Esc to quit)
As you read the scroll of fear, it crumbles to dust.
You assume a fearsome visage.
The deep elf demonologist looks frightened!
The red devil is unaffected.
The deep elf annihilator resists with almost no effort.
The deep elf annihilator easily resists.
The deep elf conjurer resists with some effort.
The deep elf knight looks frightened!
The ghostly deep elf knight is unaffected.
The deep elf knight looks frightened!
The red devil disappears in a puff of smoke!
The deep elf annihilator falters for a moment.
The deep elf annihilator points at you and mumbles some strange words.
The crystal spear hits you!
You die...

..e ..e #e# #.# #e# #ยง# #e#
###########e# #........(@e#
##.......##### ########'######
#..#.......#..# ##
#..#.......#..# ###.
####..'.......#..# #...
...'..#......[)((#############...
####..#.......#[.'...).......'...
#..#.......#..#############...


You could see 2 deep elf annihilators, a deep elf demonologist (fleeing), 2 deep
elf knights and a ghostly deep elf knight.

Vanquished Creatures
  Rupert (Orc:2)
  The ghost of Nico3ck the Bludgeoner, a mighty NaWz of Makhleb (Shoals:1)
  Asterion (Elf:3)
  A deep elf master archer (Elf:3)
  A deep elf blademaster (Elf:2)
  Polyphemus (Shoals:2)
  Roxanne (Shoals:2)
  Donald (Orc:4)
  2 deep elf sorcerers
  Maud (D:10)
  Nessos (Lair:6)
  3 deep elf demonologists (Elf:3)
  3 deep elf annihilators
  Snorg (Orc:1)
  4 merfolk javelineers (Shoals:4)
  3 deep elf death magi (Elf:3)
  Erolcha (Orc:3)
  8 merfolk impalers
  Josephine (Lair:8)
  5 vault guards (D:13)
  A deep elf high priest (Elf:3)
  4 ogre magi (Orc:4)
  A rakshasa (D:13)
  Harold (D:10)
  12 hydras
  2 catoblepae
  4 merfolk avatars
  14 dancing weapons (Elf:2)
  2 satyrs (Shoals:4)
  5 merfolk aquamancers (Shoals:4)
  An orc high priest (Elf:2)
  4 death yaks (Shoals:2)
  15 deep elf knights
  Nergalle (Orc:3)
  11 sea snakes
  22 harpies
  2 ice statues (Shoals:2)
  An unseen horror (D:12)
  5 deep elf summoners
  2 hill giants (D:13)
  7 griffons
  15 deep elf conjurers
  2 orc knights
  10 manticores
  3 ugly things
  4 orc sorcerers
  9 fauns
  3 water nymphs (Shoals:4)
  5 cyclopes
  15 sirens
  15 elephants
  10 black mambas
  2 kobold demonologists
  3 gargoyles
  An efreet (D:13)
  19 spiny frogs
  A yaktaur (D:13)
  2 fire drakes
  10 komodo dragons
  7 deep elf priests
  A freezing wraith (D:12)
  31 merfolk
  5 giant leeches (Lair:8)
  Grinder (D:5)
  2 polar bears
  6 trolls
  15 two-headed ogres
  23 blink frogs
  16 snapping turtles
  2 humans (D:13)
  A shadow (D:11)
  4 wyverns (Lair:4)
  23 deep elf magi
  42 deep elf fighters
  65 yaks
  A steam dragon (Lair:6)
  13 water elementals
  3 hungry ghosts
  A golden eye (shapeshifter) (Elf:2)
  Grum (D:10)
  5 wraiths (Lair:8)
  A basilisk (Lair:6)
  14 vampire mosquitoes
  11 hippogriffs
  4 wolves
  20 water moccasins
  A warg (Orc:2)
  A swamp drake (D:8)
  3 mottled dragons
  21 orc warriors
  10 porcupines
  A black bear (D:13)
  4 ice beasts
  5 sky beasts
  6 phantoms
  A necrophage (D:6)
  32 ogres
  4 big kobolds
  8 centaurs
  An eye of draining (shapeshifter) (Elf:1)
  20 crocodiles
  30 giant frogs
  2 scorpions
  3 wyvern skeletons
  4 wights (D:9)
  11 electric eels
  2 centaur zombies
  6 killer bees (D:11)
  3 crimson imps
  A giant frog zombie (D:9)
  33 orc wizards
  5 worker ants
  15 iguanas
  7 hounds
  3 jellies
  3 centaur skeletons
  4 giant frog skeletons
  Jessica (Elf:1)
  30 orc priests
  Natasha (thrice) (D:3)
  25 sheep
  A giant frog simulacrum (D:12)
  2 hound skeletons (D:4)
  A hound zombie (D:5)
  A mummy (D:8)
  A gnoll (D:1)
  17 adders
  45 river rats
  4 shadow imps
  2 oozes
  3 worms
  218 orcs
  4 giant cockroaches
  7 hobgoblins
  2 jackals (D:2)
  7 quokkas
  10 bats
  A giant cockroach zombie (D:5)
  7 giant geckos
  5 giant newts
  8 goblins
  29 kobolds
  A quokka skeleton (D:4)
  4 rats (D:1)
  2 fungi
  8 plants
1304 creatures vanquished.

Vanquished Creatures (collateral kills)
  Ilsuiw (Shoals:4)
  3 dancing weapons (Elf:2)
  A deep elf knight (Elf:2)
  A siren (Shoals:4)
  An orc wizard (Elf:2)
7 creatures vanquished.

Vanquished Creatures (others)
  A deep elf blademaster (Elf:3)
  A merfolk impaler (Shoals:2)
  An orc (Elf:2)
  27 fungi
  28 plants
58 creatures vanquished.

Grand Total: 1369 creatures vanquished

Notes
Turn   | Place    | Note
--------------------------------------------------------------
     0 | D:1      | shakdrar the Merfolk Berserker began the quest for the Orb.
     0 | D:1      | Reached XP level 1. HP: 18/18 MP: 1/1
   305 | D:1      | Reached XP level 2. HP: 24/24 MP: 2/2
   712 | D:1      | Reached XP level 3. HP: 29/29 MP: 3/3
   724 | D:1      | Acquired Trog's second power
   724 | D:1      | Reached skill level 5 in Polearms
  1315 | D:2      | Reached XP level 4. HP: 35/35 MP: 4/4
  1620 | D:2      | Noticed Sigmund
  1754 | D:3      | Noticed a sky beast
  1781 | D:3      | Killed a sky beast
  1781 | D:3      | Reached skill level 6 in Polearms
  1781 | D:3      | Reached XP level 5. HP: 25/42 MP: 5/5
  2034 | D:3      | Noticed Natasha
  2041 | D:3      | Killed Natasha
  2184 | D:3      | Noticed Natasha
  2190 | D:3      | Killed Natasha
  2190 | D:3      | Reached XP level 6. HP: 48/48 MP: 6/6
  2406 | D:3      | Noticed Natasha
  2458 | D:3      | Killed Natasha
  2844 | D:3      | Reached skill level 7 in Polearms
  3062 | D:4      | Reached skill level 5 in Dodging
  3356 | D:4      | Reached XP level 7. HP: 44/55 MP: 7/7
  3437 | D:4      | Reached skill level 8 in Polearms
  3652 | D:4      | Reached skill level 5 in Fighting
  3978 | D:4      | Found a sparkling altar of Nemelex Xobeh.
  4047 | D:4      | Acquired Trog's third power
  4092 | D:5      | Entered Level 5 of the Dungeon
  4135 | D:5      | Found an ancient bone altar of Kikubaaqudgha.
  4172 | D:5      | Found a basalt altar of Yredelemnul.
  4174 | D:5      | Noticed Grinder
  4192 | D:5      | Killed Grinder
  4192 | D:5      | Reached skill level 9 in Polearms
  4192 | D:5      | Reached XP level 8. HP: 49/62 MP: 8/8
  4371 | D:5      | Got a warped long sword
  4742 | D:5      | Got a slimy chain mail
  5111 | D:5      | Reached skill level 10 in Polearms
  5193 | D:5      | Found a staircase to the Ecumenical Temple.
  5572 | D:6      | Noticed a kobold demonologist
  5612 | D:6      | Noticed an ice devil
  5615 | D:6      | Noticed an orange demon
  5616 | D:6      | Killed a kobold demonologist
  5616 | D:6      | Reached skill level 11 in Polearms
  5616 | D:6      | Reached XP level 9. HP: 71/71 MP: 9/9
  6319 | D:6      | Identified the +8 chain mail of Uzam Pich {rF- MP+9 Str+3 Int+4} (You found it on level 5 of the Dungeon)
  6376 | D:6      | Identified the +2 long sword "Zoduckam" {pain, MR+} (You found it on level 5 of the Dungeon)
  6463 | D:7      | Gained mutation: Your spells are a little harder to cast, but a little more powerful. [potion of beneficial mutation]
  7563 | D:8      | Reached skill level 12 in Polearms
  8021 | D:8      | Found a snail-covered altar of Cheibriados.
  8352 | D:8      | Found a staircase to the Lair.
  8357 | D:8      | Noticed a komodo dragon
  8371 | D:8      | Reached XP level 10. HP: 69/79 MP: 10/10
  8378 | D:8      | Killed a komodo dragon
  8378 | D:8      | Reached skill level 5 in Armour
  8384 | Lair:1   | Entered Level 1 of the Lair of Beasts
  8437 | D:8      | Reached skill level 13 in Polearms
  8640 | Lair:1   | Noticed a seven-headed hydra
  9306 | D:9      | Reached skill level 14 in Polearms
  9372 | D:9      | Found a snail-covered altar of Cheibriados.
  9391 | D:9      | Found a shimmering altar of Xom.
  9627 | D:9      | Reached skill level 10 in Dodging
  9665 | D:9      | Reached XP level 11. HP: 47/87 MP: 11/11
 10228 | D:10     | Entered Level 10 of the Dungeon
 10381 | D:10     | Reached skill level 15 in Polearms
 10606 | D:10     | Noticed Harold
 10630 | D:10     | Killed Harold
 10769 | D:10     | Noticed Grum
 10791 | D:10     | Killed Grum
 10876 | D:10     | Noticed Maud
 10918 | D:10     | Killed Maud
 11080 | D:10     | Reached skill level 16 in Polearms
 11668 | D:10     | Reached XP level 12. HP: 95/97 MP: 12/12
 11692 | D:10     | Received a gift from Trog
 12300 | Temple   | Entered the Ecumenical Temple
 12608 | Lair:1   | Reached skill level 10 in Fighting
 13331 | Lair:2   | Reached skill level 17 in Polearms
 14716 | Lair:3   | Noticed a seven-headed hydra
 15321 | Lair:4   | Found a staircase to the Snake Pit.
 15691 | Lair:4   | Received a gift from Trog
 16749 | Lair:6   | Noticed a six-headed hydra
 16875 | Lair:6   | Reached skill level 1 in Evocations
 17098 | Lair:6   | Reached XP level 13. HP: 83/106 MP: 8/15
 17682 | Lair:6   | Reached skill level 5 in Evocations
 17758 | Lair:6   | Noticed an eight-headed hydra
 17779 | Lair:6   | Noticed Nessos
 18059 | Lair:7   | Found a viscous altar of Jiyva.
 18062 | Lair:7   | Found a staircase to the Slime Pits.
 18827 | Lair:7   | Received a gift from Trog
 20579 | D:11     | Reached skill level 10 in Evocations
 20855 | D:11     | Found a staircase to the Orcish Mines.
 21240 | D:11     | Received a gift from Trog
 21498 | D:11     | Received a gift from Trog
 21714 | D:11     | Reached XP level 14. HP: 74/113 MP: 21/21
 23465 | D:12     | Found a portal to a secret trove of treasure.
 23702 | D:13     | Found Destrumot's Antique Weapon Emporium.
 23870 | D:13     | Reached skill level 18 in Polearms
 24148 | D:13     | Received a gift from Trog
 24157 | D:13     | Got an iridescent halberd {god gift}
 24185 | D:13     | Identified the +10 halberd "Zusitt" {freeze, rElec rF- Dex+4} (Trog gifted it to you on level 13 of the Dungeon)
 24734 | D:13     | Found a gate to the Vaults.
 24946 | Orc:1    | Entered Level 1 of the Orcish Mines
 24996 | Orc:1    | Found Ichaepy's Assorted Antiques.
 25145 | Orc:1    | Found Xixim's Weapon Shoppe.
 25243 | Orc:1    | Bought a scroll labeled DUOMUU TUCIAHY for 33 gold pieces
 25243 | Orc:1    | Bought a scroll labeled YLANEFEICLI for 33 gold pieces
 25283 | Orc:1    | Received a gift from Trog
 25297 | Orc:1    | Found a roughly hewn altar of Beogh.
 25443 | Orc:1    | Found Atzu's Gadget Boutique.
 25467 | Orc:1    | Found Hoib's General Store.
 25470 | Orc:1    | Noticed Snorg
 25483 | Orc:1    | Killed Snorg
 25916 | Orc:2    | Noticed Rupert
 25934 | Orc:2    | Killed Rupert
 25934 | Orc:2    | Reached skill level 19 in Polearms
 26176 | Orc:2    | Received a gift from Trog
 26600 | Orc:3    | Noticed Erolcha
 26609 | Orc:3    | Killed Erolcha
 26883 | Orc:4    | Entered Level 4 of the Orcish Mines
 26883 | Orc:4    | Found a staircase to the Elven Halls.
 27164 | Orc:4    | Noticed Donald
 27176 | Orc:4    | Killed Donald
 27176 | Orc:4    | Reached XP level 15. HP: 122/122 MP: 22/22
 27189 | Orc:4    | Received a gift from Trog
 27292 | Orc:4    | Found a roughly hewn altar of Beogh.
 27428 | Orc:4    | Found Uwauw's Weapon Shoppe.
 27428 | Orc:4    | Found Lunely's Distillery.
 27429 | Orc:4    | Found Weoc's Gadget Shop.
 27429 | Orc:4    | Found Rasalon's Jewellery Emporium.
 27450 | Orc:4    | Bought 2 potions of beneficial mutation for 910 gold pieces
 27450 | Orc:4    | Bought a potion of curing for 39 gold pieces
 27450 | Orc:4    | Bought 2 potions of curing for 78 gold pieces
 27450 | Orc:4    | Bought a potion of curing for 39 gold pieces
 27450 | Orc:4    | Bought a potion of curing for 39 gold pieces
 27450 | Orc:4    | Gained mutation: Your muscles are strong. (Str +2) [potion of beneficial mutation]
 27451 | Orc:4    | Gained mutation: You evolve. [potion of beneficial mutation]
 27453 | Orc:4    | Bought an uncursed ring of see invisible for 180 gold pieces
 28381 | Lair:1   | Identified the Compendium of Venom and the Glacier
 28601 | Lair:1   | Noticed a six-headed hydra
 28612 | Lair:1   | Killed a six-headed hydra
 28615 | Lair:1   | Killed a four-headed hydra
 28615 | Lair:1   | Reached skill level 20 in Polearms
 28738 | Lair:1   | Gained mutation: Your muscles are very strong. (Str +4) [evolution]
 28867 | Lair:1   | Noticed a black mamba
 28872 | Lair:1   | Killed a black mamba
 29165 | Lair:3   | Killed a six-headed hydra
 29179 | Lair:3   | Noticed an eight-headed hydra
 29188 | Lair:3   | Killed a five-headed hydra
 29423 | Lair:3   | Reached skill level 10 in Armour
 29957 | Lair:6   | Received a gift from Trog
 30049 | Lair:6   | Killed a five-headed hydra
 30071 | Lair:6   | Killed Nessos
 30312 | Lair:6   | Found a staircase to the Shoals.
 30772 | Lair:8   | Entered Level 8 of the Lair of Beasts
 31282 | Lair:8   | Received a gift from Trog
 31609 | Lair:8   | Reached skill level 21 in Polearms
 31672 | Lair:8   | Reached XP level 16. HP: 130/130 MP: 23/23
 31794 | Lair:8   | Noticed Josephine
 31799 | Lair:8   | Killed Josephine
 32104 | Shoals:1 | Entered Level 1 of the Shoals
 32791 | Shoals:1 | Noticed Nico3ck's ghost (mighty NaWz)
 32816 | Shoals:1 | Killed Nico3ck's ghost
 32816 | Shoals:1 | Reached skill level 15 in Dodging
 33118 | Shoals:1 | Received a gift from Trog
 33928 | Shoals:2 | Noticed Roxanne
 33950 | Shoals:2 | Killed Roxanne
 34108 | Shoals:2 | Noticed Polyphemus
 34135 | Shoals:2 | Killed Polyphemus
 34135 | Shoals:2 | Reached skill level 22 in Polearms
 34245 | Shoals:2 | Found a frozen archway.
 34930 | Shoals:2 | Received a gift from Trog
 35726 | Shoals:3 | Reached XP level 17. HP: 139/139 MP: 24/24
 36439 | D:8      | Gained mutation: You possess an exceptional clarity of mind. [evolution]
 36633 | Lair:6   | Killed a four-headed hydra
 37483 | Shoals:3 | Received a gift from Trog
 37555 | Shoals:4 | Entered Level 4 of the Shoals
 37675 | Shoals:4 | Got a scorched hand axe
 37934 | Shoals:4 | Reached skill level 23 in Polearms
 37939 | Shoals:4 | HP: 4/140 [poisoned by a sea snake]
 38355 | Shoals:4 | Identified the Reference Book on Evil
 38391 | Shoals:4 | Got a smoking flail
 38458 | Shoals:4 | Identified the +10 flail "Reilaox" {drain, rElec Str+4} (You found it on level 4 of the Shoals)
 38515 | Shoals:4 | Noticed Ilsuiw
 38550 | Shoals:4 | Killed Ilsuiw
 39066 | Shoals:4 | Got an encrusted falchion
 39201 | Shoals:4 | Reached skill level 15 in Fighting
 39284 | Shoals:4 | Got a barnacled rune of Zot
 40162 | Temple   | Identified the cursed +1 hand axe of Insufficient Pleasure {flame, rElec} (You found it on level 4 of the Shoals)
 40164 | Temple   | Identified the +6 falchion of the Realm of Zot {freeze, Str+7 Int+2} (You found it on level 4 of the Shoals)
 40512 | Elf:1    | Entered Level 1 of the Elven Halls
 40546 | Elf:1    | Received a gift from Trog
 40546 | Elf:1    | Reached skill level 1 in Shields
 41425 | Elf:1    | Gained mutation: You have a somewhat thin skeletal structure (Dex +2, Stealth). [evolution]
 41477 | Elf:1    | Reached XP level 18. HP: 143/149 MP: 25/25
 41602 | Elf:1    | Received a gift from Trog
 41904 | Elf:1    | Identified Lehudib's Compendium of Conjuration
 42181 | Elf:1    | Noticed Jessica
 42187 | Elf:1    | Found a deep blue altar of Sif Muna.
 42193 | Elf:1    | Killed Jessica
 42425 | Elf:2    | Received a gift from Trog
 42449 | Elf:2    | Got an iridescent glaive {god gift}
 42450 | Elf:2    | Identified the +1 glaive of Trog's Outrage {antimagic, Str+4 Dex+3} (Trog gifted it to you on level 2 of the Elven Halls)
 42490 | Elf:2    | Found Xuofuhy's General Store.
 42774 | Elf:2    | Found a runed gate.
 42774 | Elf:2    | Found a runed gate.
 42774 | Elf:2    | Found a runed gate.
 43138 | Orc:3    | Noticed Nergalle
 43148 | Orc:3    | Killed Nergalle
 44073 | Elf:2    | Reached skill level 5 in Shields
 44818 | Elf:2    | Received a gift from Trog
 45802 | Elf:3    | Entered Level 3 of the Elven Halls
 45996 | Elf:3    | Noticed Asterion
 46018 | Elf:3    | Killed Asterion
 46279 | Elf:3    | Noticed an Ice Fiend
 46287 | Elf:3    | Noticed a Hell Sentinel
 46335 | Elf:3    | Received a gift from Trog
 46661 | Elf:3    | Lost mutation: Your muscles are very strong. (Str +4) [evolution]
 46835 | Elf:3    | Noticed a Brimstone Fiend
 47399 | Elf:3    | Upgraded the game from 0.17-a0-1939-ga475588 to 0.17-a0-1942-g46ae386
 47489 | Elf:3    | Killed from afar by a deep elf annihilator

Vault maps used:
D:1:      nicolae_arrival_somewhat_less_tricky_arrival
D:2:      uniq_sigmund
D:3:      uniq_natasha
D:4:      minmay_opposing_rooms, kennysheep_mini_moat
D:5:      lemuel_round_altar, minmay_temple_entry_mist, basic_altar,
          lightli_sewer_entry_pipes, first_bread, uniq_grinder
D:6:      kennysheep_big_flooded_room
D:8:      erik_lair_dragon, blue_anna_alchemist, chei_slow_surprise
D:9:      grunt_temple_overflow_open, item_on_display_a
D:10:     uniq_maud, uniq_harold, uniq_grum
D:11:     erik_orc_2
D:12:     nicolae_trove_entry_crystal, minmay_diamond_spiral
D:13:     grunt_vaults_entry_fortified, serial_shops, shop
Temple:   nicolae_temple_no_exploring_needed
Lair:1:   grunt_megastairs_3
Lair:2:   pond
Lair:3:   minmay_lair_oklob_bushes, grunt_megastairs_1
Lair:4:   minmay_snake_entry_six_corridors, beast_lair_carwin_1,
          lemuel_fruit_tree
Lair:6:   elwin_shoals_entry_rooms, serial_bayou_shore_a, serial_bayou_shore_b,
          uniq_nessos
Lair:7:   slime_altar_1, serial_bayou_ford_a, minivault_11,
          bh_autumn_forest_stairs
Lair:8:   minmay_lair_end_frog_pond, infiniplex_staircase_pool_2, uniq_josephine
Shoals:2: portal_ice_cave_entry_ice_statue_02, uniq_roxanne, uniq_polyphemus
Shoals:4: shoals_end_simple, shoals_ilsuiw_alternative
Orc:1:    nicolae_orc_accident_2, serial_shops, shop, shop, shop,
          nicolae_shop_crystal, uniq_snorg
Orc:2:    uniq_rupert
Orc:3:    nicolae_orc_pool_cavern, uniq_nergalle, uniq_erolcha
Orc:4:    st_orc_ogre_mass, basic_altar, uniq_donald
Elf:1:    minmay_elf_annihilation, st_stairs_11, tgw_sif
Elf:2:    serial_shops, shop
Elf:3:    grunt_elf_hall_spiral, serial_shops, bzr_entry_safe,
          minmay_misc_feat_pillars, uniq_asterion

Action                   |  1- 3 |  4- 6 |  7- 9 | 10-12 | 13-15 | 16-18 || total
-------------------------+-------+-------+-------+-------+-------+-------++-------
Melee: Spear             |   103 |   255 |    28 |       |       |       ||   386
       Trident           |       |       |   454 |  1036 |   432 |       ||  1922
       Bardiche          |       |       |       |    66 |   315 |    19 ||   400
       Halberd           |       |       |       |       |   887 |  1071 ||  1958
       Glaive            |       |       |       |       |   150 |   300 ||   450
       Lajatang          |       |       |       |       |       |     3 ||     3
 Fire: Blowgun           |       |       |       |       |     5 |       ||     5
Invok: Berserk           |     3 |     6 |     9 |    13 |     7 |    12 ||    50
       Trog's Hand       |       |       |       |     3 |     6 |    28 ||    37
       Burn Spellbooks   |       |       |       |       |     2 |       ||     2
       Brothers in Arms  |       |       |       |       |       |     6 ||     6
Evoke: Wand              |       |       |       |       |     8 |       ||     8
  Use: Scroll            |     1 |     4 |    12 |     7 |    21 |    13 ||    58
       Potion            |       |     1 |     2 |     1 |    10 |    10 ||    24
 Stab: Sleeping          |     1 |       |       |       |       |     1 ||     2
       Distracted        |       |       |     1 |     1 |       |     2 ||     4
  Eat: Chunk             |     3 |    14 |    19 |    23 |    39 |    21 ||   119
       Bread ration      |       |       |     1 |     3 |     3 |     9 ||    16
       Royal jelly       |       |       |     1 |     2 |       |     1 ||     4
       Fruit             |       |       |       |     9 |       |       ||     9
       Pizza             |       |       |       |     1 |     1 |       ||     2
       Meat ration       |       |       |       |       |     1 |       ||     1
       Beef jerky        |       |       |       |       |       |     4 ||     4
